 Dungeon Crawl Stone Soup version 0.30-b1-2-g02819fbbbe (webtiles) character file.

Game seed: 11288334554358389654

742 LLlMATKO the Chopper (level 7, -3/94 HPs)
             Began as a Minotaur Berserker on Oct 31, 2023.
             Was a Priest of Trog.
             Slain by Edmund
             ... wielding a +4 dire flail of protection
              (10 damage)
             ... on level 5 of the Dungeon.
             The game lasted 00:04:55 (2798 turns).

LLlMATKO the Chopper (Minotaur Berserker)           Turns: 2798, Time: 00:04:55

Health: -3/94      AC: 14    Str: 24    XL:     7   Next: 47%
Magic:  6/6        EV: 10    Int:  4    God:    Trog [***...]
Gold:   173        SH:  0    Dex:  9    Spells: 6/6 levels left

rFire   . . .        a - +1 hand axe (spect)
rCold   + + .        (no shield)
rNeg    . . .        e - +1 chain mail
rPois   .            (helmet restricted)
rElec   .            (no cloak)
rCorr   .            l - +1 pair of gloves "Qopt" {rC++}
SInv    .            d - +0 pair of boots
Will    .....        (no amulet) Stlth
                     (no ring)
HPRegen 0.35/turn    (no ring)
MPRegen 0.10/turn

%: no passive effects
@: berserking, very quick
A: horns 2, retaliatory headbutt
a: Renounce Religion, Berserk, Trog's Hand


You were on level 5 of the Dungeon.
You worshipped Trog.
Trog was most pleased with you.
You visited 1 branch of the dungeon, and saw 5 of its levels.
You also visited: Sewer.

You collected 173 gold pieces.

Inventory:

Hand Weapons
 a - a +1 spectral hand axe (weapon)
Missiles
 i - 16 poisoned darts (quivered)
 s - a throwing net
 u - 8 boomerangs
Armour
 d - a +0 pair of boots (worn)
 e - a +1 chain mail (worn)
 l - the +1 pair of gloves "Qopt" (worn) {rC++}
   (You found it on level 4 of the Dungeon)

   rC:        It greatly protects you from cold.
Jewellery
 p - a ring of positive energy
 q - an amulet of reflection
Wands
 v - a wand of flame (20)
Scrolls
 b - a scroll of identify
 h - a scroll of silence
 j - a scroll of teleportation {unknown}
 n - a scroll of fog {unknown}
Potions
 c - 3 potions of degeneration {unknown}
 f - 3 potions of curing
 g - 2 potions of heal wounds
 k - 3 potions of flight
 m - a potion of mutation {unknown}
 o - a potion of invisibility {unknown}
 r - 2 potions of ambrosia
 t - 2 potions of brilliance {unknown}


   Skills:
 + Level 6.1 Fighting
 + Level 6.2 Axes
 + Level 5.5 Armour
 + Level 4.9 Dodging


You had 6 spell levels left.
You didn't know any spells.
Your spell library was empty.

Dungeon Overview and Level Annotations

Branches:
Dungeon (5/15)              Sewer (visited)
 Temple: D:4-7

Altars:
Cheibriados
The Shining One

Shops:
D:2 !

Annotations:
D:5 Edmund


Innate Abilities, Weirdness & Mutations

You have a pair of horns on your head.
You reflexively headbutt those who attack you in melee.


Message History

Your +1 spectral hand axe hits Edmund!
Edmund hits your +1 spectral hand axe with a +4 dire flail of protection!
Your spectral weapon shares its damage with you!
You barely miss Edmund.
Edmund is severely wounded.
Your +1 spectral hand axe hits Edmund but does no damage.
Edmund hits you with a +4 dire flail of protection!
You are too injured to fight recklessly!
Unknown command.
You hit Edmund but do no damage.
Edmund is severely wounded.
Your +1 spectral hand axe hits Edmund.
Edmund hits you with a +4 dire flail of protection.
You closely miss Edmund. Your headbutt misses Edmund.
Edmund is severely wounded.
Your +1 spectral hand axe hits Edmund but does no damage.
Edmund hits you but does no damage.
You hit Edmund.
Edmund is almost dead.
Your +1 spectral hand axe hits Edmund but does no damage.
Edmund hits you with a +4 dire flail of protection!
* * * LOW HITPOINT WARNING * * *
You hit Edmund but do no damage.
Edmund is almost dead.
Your +1 spectral hand axe barely misses Edmund.
Edmund hits you but does no damage.
A red film seems to cover your vision as you go berserk!
You feel yourself moving faster!
You feel mighty!
Your +1 spectral hand axe disappears.
Edmund hits you with a +4 dire flail of protection!
* * * LOW HITPOINT WARNING * * *
You hit Edmund.
Edmund is almost dead.
Your +1 spectral hand axe hits Edmund but does no damage.
Edmund barely misses your +1 spectral hand axe.
You hit Edmund. Your headbutt misses Edmund.
Edmund is almost dead.
Your +1 spectral hand axe barely misses Edmund.
Edmund hits you with a +4 dire flail of protection!
You die...

... #.# #.# #.# #.#
########## #.#
#.....@@.#
#.#######.####(....#
#..†.....<####>###.#
#.###..........# .#
#.###.###.####.#
###...#.###.# #..
............# ###
###.#.#.##..#
#.#.#.##..#


You could see Edmund and a friendly +1 spectral hand axe.

Vanquished Creatures
  An ice beast (D:4)
  A phantom (D:4)
  2 kobold brigands (Sewer)
  A scorpion (D:5)
  A howler monkey (D:4)
  A hound (D:5)
  2 iguanas
  2 orc wizards
  8 gnolls
  2 river rats
  3 adders
  A worm (D:4)
  4 dart slugs
  5 orcs (D:3)
  4 ball pythons
  4 endoplasms
  A giant cockroach (D:1)
  9 goblins
  7 hobgoblins
  4 jackals
  2 quokkas (D:1)
  5 bats
  A frilled lizard (D:3)
  10 kobolds
  12 rats
93 creatures vanquished.

Vanquished Creatures (others)
  2 plants (D:5)
2 creatures vanquished.

Grand Total: 95 creatures vanquished

Notes
Turn   | Place    | Note
-------+----------+-------------------------------------------
     0 | D:1      | LLlMATKO the Minotaur Berserker began the quest for the
                  | Orb.
     0 | D:1      | Reached XP level 1. HP: 19/19 MP: 0/0
   214 | D:1      | Reached XP level 2. HP: 27/27 MP: 1/1
   349 | D:1      | Found a faded altar of an unknown god.
   873 | D:2      | Reached XP level 3. HP: 33/33 MP: 2/2
   884 | D:2      | Found a glowing golden altar of the Shining One.
  1024 | D:2      | Reached ** piety under Trog
  1030 | D:2      | Reached XP level 4. HP: 41/41 MP: 3/3
  1212 | D:2      | Found Bosoarchi's Distillery.
  1251 | D:3      | You fall into a shaft and drop 2 floors!
  1251 | D:5      | Entered Level 5 of the Dungeon
  1279 | D:4      | Found a snail-covered altar of Cheibriados.
  1349 | D:4      | Found a glowing drain.
  1368 | Sewer    | Entered a sewer
  1462 | Sewer    | Noticed a kobold brigand
  1462 | Sewer    | Noticed a kobold brigand
  1472 | Sewer    | Killed a kobold brigand
  1473 | Sewer    | Reached XP level 5. HP: 35/47 MP: 4/4
  1474 | Sewer    | Reached skill level 5 in Fighting
  1474 | Sewer    | Reached skill level 5 in Axes
  1474 | Sewer    | Reached XP level 6. HP: 42/56 MP: 5/5
  1582 | Sewer    | Found a white marble altar of Elyvilon.
  1677 | D:4      | Identified the +1 pair of gloves "Qopt" {rC++}
  1750 | D:4      | Noticed an ice beast
  1754 | D:4      | Killed an ice beast
  1875 | D:4      | Reached skill level 5 in Armour
  1996 | D:3      | Reached XP level 7. HP: 62/62 MP: 6/6
  2034 | D:3      | Reached *** piety under Trog
  2780 | D:5      | Noticed Edmund
  2798 | D:5      | Slain by Edmund

Illustrated notes

Levels and vault maps discovered:
D:1:      tarquinn_simple_flora_water_e, layout_basic,
          ebering_ecumenical_altar_rust
D:2:      layout_rooms, serial_shops, nicolae_shop_real_fake_doors, basic_altar,
          serial_bayou_pond_d, minmay_hexomino_f4
D:3:      layout_loops_ring, minmay_crystal_water, guppyfry_early_orc_mine
D:4:      layout_rooms, cheibriados_altar_1, portal_sewer_entry_a
D:5:      layout_loops_ring, chequers_temple_overflow_minitemple,
          minmay_temple_entry_steel_oval, serial_shops, shop,
          serial_bayou_pond_b, minmay_manual_monstrance, uniq_pikel,
          uniq_prince_ribbit1, uniq_edmund

Skill      XL: |  1  2  3  4  5  6  7 |
---------------+----------------------+-----
Axes           | 4 5 6 |  6.2
Fighting       | 4 5 6 |  6.1
Armour         | 3 4 5 |  5.5
Dodging        | 3 4 |  4.9

Action                     |  1- 3 |  4- 6 |  7- 9 || total
---------------------------+-------+-------+-------++-------
  Melee: Hand axe          |    70 |    77 |    64 ||   211
         Punch             |     2 |       |       ||     2
         Headbutt          |     8 |    12 |    10 ||    30
 Invoke: Berserk           |     1 |     1 |     1 ||     3
    Use: Scroll            |       |     7 |       ||     7
 Armour: Chain mail        |    52 |    36 |    28 ||   116
         Animal skin       |     2 |       |       ||     2
  Dodge: Dodged            |    33 |    22 |    22 ||    77
